 Dungeon Crawl Stone Soup version 0.29-a0-193-ga21e45360d (console) character file.

Game seed: 5039791704127020558

1633 Gather the Magician (level 8, -1/58 HPs)
             Began as a Mummy Conjurer on Feb 22, 2022.
             Was an Initiate of Ashenzari.
             Slain by a six-headed hydra (3 damage)
             ... on level 7 of the Dungeon.
             The game lasted 00:33:38 (8114 turns).

Gather the Magician (Mummy Conjurer)                Turns: 8114, Time: 00:33:38

Health: -1/58      AC:  4    Str: 11    XL:     8   Next: 66%
Magic:  7/17       EV: 11    Int: 19    God:    Ashenzari [......]
Gold:   337        SH:  7    Dex: 16    Spells: 9/19 levels left

rFire   x . .      SeeInvis +   n - +1 mace
rCold   + . .      Faith    .   y - +2 buckler
rNeg    + + +      Spirit   .   a - +0 robe
rPois   ∞          Reflect  .   (no helmet)
rElec   .          Harm     .   g - +0 cloak
rCorr   .          Rampage  .   F - +0 pair of gloves
Will    +....                   (no boots)
Stlth   ++........              H - amulet of magic regeneration
HPRegen 0.19/turn               i - ring of see invisible
MPRegen 0.55/turn               w - +6 ring of dexterity

@: no status effects
A: cold resistance 1, negative energy resistance 3, torment resistance 2, heat
vulnerability 1, no potions
a: Renounce Religion, Curse Item


You were on level 7 of the Dungeon.
You worshipped Ashenzari.
Ashenzari was noncommittal.
You visited 2 branches of the dungeon, and saw 8 of its levels.

You collected 337 gold pieces.

Inventory:

Hand Weapons
 e - a +0 hunting sling
 f - a +0 short sword
 j - a +0 dagger
 n - a +1 mace (weapon)
 o - a +0 rapier
 t - a +0 rapier
 z - a +2 dagger of venom
 E - a +0 battleaxe
 I - a +0 hand axe
Missiles
 c - 217 stones
 A - 22 poisoned darts (quivered)
 D - 3 curare-tipped darts
 J - 4 boomerangs
Armour
 a - a +0 robe (worn)
 g - a +0 cloak (worn)
 l - a +0 leather armour
 p - an orb of guile
 v - a +0 ring mail
 y - a +2 buckler (worn)
 B - a +0 ring mail
 F - a +0 pair of gloves (worn)
Magical Staves
 s - a staff of death
 x - a staff of death
Jewellery
 i - a ring of see invisible (left hand)
 w - a +6 ring of dexterity (right hand)
 H - an amulet of magic regeneration (around neck)
Wands
 m - a wand of paralysis (6)
Scrolls
 d - 2 scrolls of magic mapping
 h - 3 scrolls of identify
 k - a scroll of immolation
 C - a scroll of holy word


   Skills:
 + Level 3.0 Fighting
 + Level 1.6 Armour
 - Level 1.5 Dodging
 + Level 2.7 Stealth
 - Level 3.0 Shields
 - Level 6.3 Spellcasting
 + Level 5.2 Conjurations
 + Level 5.1 Hexes


You had 9 spell levels left.
You knew the following spells:

 Your Spells              Type           Power      Damage    Failure   Level
a - Magic Dart            Conj           100%       1d8       1%          1
b - Searing Ray           Conj           52%        2d6       2%          2
c - Dazzling Flash        Conj/Hex       50%        N/A       4%          3
f - Fulminant Prism       Conj/Hex       12%        3d9       17%         4

Your spell library contained the following spells:

 Spells                   Type           Power      Damage    Failure   Level
 Iskenderun's Mystic Bla  Conj/Tloc      16%        2d5       43%         4
 Passage of Golubria      Tloc           6%         N/A       80%         4
 Silence                  Hex/Air        7%         N/A       80%         5
 Lehudib's Crystal Spear  Conj/Erth      8%         10d3      100%        8


Dungeon Overview and Level Annotations

Branches:
Dungeon (7/15)             Temple (1/1) D:5

Altars:
Ashenzari
Cheibriados
Elyvilon
Fedhas
Gozag
Hepliaklqana
Kikubaaqudgha
Makhleb
Nemelex Xobeh
Okawaru
Qazlal
Ru
Sif Muna
Trog
Uskayaw
Vehumet
Wu Jian
Xom
Yredelemnul
Zin
The Shining One

Annotations:
D:4 2 transporters, hemabe71's ghost, novice HuAr


Innate Abilities, Weirdness & Mutations

You are immune to poison.
Your flesh is cold resistant. (rC+)
You are immune to negative energy. (rN+++)
You are immune to unholy pain and torment.
You are vulnerable to heat. (rF-)
You do not drink.


Message History

Confirm with . or Enter, or press ? or * to list all spells.
Aiming: Fulminant Prism (dangerous; 17% risk of failure)
Press: ? - help, Dir - move target You conjure a prism of explosive energy!
A fulminant prism comes into view.
Your fulminant prism crackles loudly.
You hear an explosion!
The blast of energy engulfs the six-headed hydra!
The six-headed hydra is moderately wounded.
You hear a shout!
Casting: Fulminant Prism (dangerous; 17% risk of failure)
Confirm with . or Enter, or press ? or * to list all spells.
Aiming: Fulminant Prism (dangerous; 17% risk of failure)
Press: ? - help, Dir - move target You conjure a prism of explosive energy!
A fulminant prism comes into view.
Your fulminant prism crackles loudly.
Casting: Fulminant Prism (dangerous; 17% risk of failure)
Confirm with . or Enter, or press ? or * to list all spells.
Aiming: Searing Ray (safe; 2% risk of failure)
Press: ? - help, Shift-Dir - straight line, f - six-headed hydra
Aim: a six-headed hydra (moderately wounded, ally target, 93% to hit)
The searing ray hits the six-headed hydra.
The six-headed hydra is moderately wounded. (Press . to maintain the ray.)
The six-headed hydra bites you! x3; The six-headed hydra bites you. x3
* * * LOW HITPOINT WARNING * * *
Your fulminant prism explodes!
The blast of energy engulfs the six-headed hydra!!
The six-headed hydra is severely wounded.
The searing ray hits the six-headed hydra!
The six-headed hydra is severely wounded.
You block the six-headed hydra's attack.
The six-headed hydra bites you!
* * * LOW HITPOINT WARNING * * *
The six-headed hydra bites you but does no damage.
The six-headed hydra bites you.
* * * LOW HITPOINT WARNING * * *
The six-headed hydra bites you.
You die...

#.....# #.# #.........
#.##### #.# ##..........
#.# #.####..###..... #
..#.)...........
###########)###.###.....
..............#..##.....
.##########.#....≈≈≈...≈
.# #.####.≈#≈≈.≈≈ .#
#.#....≈##≈≈≈# .#
#.#.##.≈≈##+## .#
#.#...@.≈≈# .#
#.####D.≈## .#
#.##....≈# #.≈≈≈≈#
#.≈#≈≈# #.≈##≈# #'≈*###
...≈≈# .....≈# ......≈#
####...≈#


You could see a six-headed hydra.

Vanquished Creatures
  A hornet (D:7)
  3 sky beasts
  2 ogres
  A phantom (D:6)
  A kobold brigand (D:7)
  2 bullfrogs (D:6)
  3 scorpions
  A water moccasin skeleton (D:4)
  A bullfrog zombie (D:6)
  A howler monkey (D:5)
  3 hounds
  Crazy Yiuf (D:4)
  Jessica (D:3)
  3 iguanas
  A scorpion zombie (D:3)
  8 adders
  3 howler monkey skeletons
  A shadow imp (D:5)
  A white imp (D:6)
  7 dart slugs
  10 orcs
  7 ball pythons
  10 endoplasms
  4 giant cockroaches
  4 hobgoblins
  3 jackals (D:1)
  9 kobolds
  3 quokkas
  4 bats
  4 frilled lizards
  4 goblins
  7 rats
114 creatures vanquished.

Vanquished Creatures (others)
  8 fulminant prisms
8 creatures vanquished.

Grand Total: 122 creatures vanquished

Notes
Turn   | Place    | Note
-------+----------+-------------------------------------------
     0 | D:1      | Gather the Mummy Conjurer began the quest for the Orb.
     0 | D:1      | Reached XP level 1. HP: 13/13 MP: 4/4
   237 | D:1      | Found a faded altar of an unknown god.
   282 | D:1      | Reached skill level 3 in Spellcasting
   440 | D:1      | Reached XP level 2. HP: 19/19 MP: 1/6
   443 | D:1      | Learned a level 2 spell: Searing Ray
  1082 | D:1      | Reached XP level 3. HP: 24/24 MP: 4/7
  1925 | D:2      | Reached skill level 1 in Fighting
  2150 | D:2      | Reached XP level 4. HP: 32/32 MP: 5/9
  2434 | D:3      | Found a sacrificial altar of Ru.
  2549 | D:3      | Found a hazy altar of Hepliaklqana.
  2549 | D:3      | Found a snail-covered altar of Cheibriados.
  2552 | D:3      | Found a radiant altar of Vehumet.
  2575 | D:3      | Noticed Jessica
  2577 | D:3      | Killed Jessica
  2578 | D:3      | Reached skill level 4 in Spellcasting
  2840 | D:3      | Reached XP level 5. HP: 20/38 MP: 0/11
  2865 | D:3      | Learned a level 4 spell: Fulminant Prism
  2869 | D:3      | Learned a level 3 spell: Dazzling Flash
  3377 | D:4      | Found a transporter.
  3378 | D:4      | Found a transporter.
  3378 | D:4      | Noticed hemabe71's ghost (novice HuAr)
  3450 | D:4      | Reached skill level 1 in Hexes
  4326 | D:4      | Reached XP level 6. HP: 44/44 MP: 7/12
  4431 | D:4      | Reached skill level 1 in Shields
  4941 | D:4      | Found a runed translucent door.
  4942 | D:4      | Noticed Crazy Yiuf
  4951 | D:4      | Killed Crazy Yiuf
  5199 | D:5      | Entered Level 5 of the Dungeon
  5369 | D:5      | Reached XP level 7. HP: 39/49 MP: 7/13
  5979 | D:5      | Reached skill level 5 in Spellcasting
  6140 | D:5      | Found a staircase to the Ecumenical Temple.
  6151 | Temple   | Entered the Ecumenical Temple
  6264 | Temple   | Became a worshipper of Ashenzari the Shackled
  7013 | D:6      | Reached XP level 8. HP: 48/56 MP: 13/16
  7262 | D:6      | Reached skill level 6 in Spellcasting
  7262 | D:6      | Reached skill level 5 in Conjurations
  7491 | D:6      | Reached skill level 1 in Armour
  7683 | D:7      | Noticed a hornet
  7698 | D:7      | Killed a hornet
  7699 | D:7      | Reached skill level 5 in Hexes
  8104 | D:7      | Noticed a six-headed hydra
  8114 | D:7      | HP: 2/58 [six-headed hydra (6)]
  8114 | D:7      | Slain by a six-headed hydra

Illustrated notes

Levels and vault maps discovered:
D:1:      lemuel_arrival_room, layout_basic, ebering_ecumenical_altar_box
D:2:      layout_rooms, minmay_strange_pillars
D:3:      layout_rooms, grunt_temple_overflow_open, uniq_jessica
D:4:      layout_basic, gammafunk_ghost_arena, grunt_tough_drop,
          uniq_crazy_yiuf_cottage
D:5:      layout_basic, minmay_temple_entry_water_ring, minmay_misc_feat_iff,
          due_unseen_surprise
D:6:      wander_river, layout_basic
D:7:      layout_basic, serial_shops, nicolae_stop_n_shop_1,
          minmay_manual_mullet
Temple:   regret_index_temple_sphere_string

Skill      XL: |  1  2  3  4  5  6  7  8 |
---------------+-------------------------+-----
Spellcasting   | 3 4 5 6 |  6.3
Conjurations   | 4 5 |  5.2
Fighting       | 1 3 |  3.0
Hexes          | 2 3 4 5 |  5.1
Shields        | 2 3 |  3.0
Stealth        | 2 |  2.7
Armour         | 1 |  1.6
Dodging        | |  1.5

Action                   |  1- 3 |  4- 6 |  7- 9 || total
-------------------------+-------+-------+-------++-------
Melee: Unarmed           |    15 |       |       ||    15
       Dagger            |     4 |       |     1 ||     5
       Club              |     1 |       |       ||     1
       Short sword       |    19 |       |       ||    19
       Mace              |       |     4 |     1 ||     5
 Cast: Magic Dart        |    20 |     2 |     1 ||    23
       Searing Ray       |    24 |    49 |    35 ||   108
       Fulminant Prism   |       |       |     8 ||     8
  Use: Scroll            |     1 |     3 |     8 ||    12
Armor: Robe              |    17 |     3 |     8 ||    28
Dodge: Dodged            |    44 |    14 |    29 ||    87
Block: Buckler           |       |    12 |    11 ||    23

Table legend: (Time is in decaauts)
 A = Elapsed time spent in this place.
 B = Non-inter-level travel time spent in this place.
 C = Inter-level travel time spent in this place.
 D = Time resting spent in this place.
 E = Time spent auto-exploring this place.
 F = Levels seen in this place.
 G = Mean time per level.
                   A        B        C        D        E       F      G
               +--------+--------+--------+--------+--------+-----+--------+
         Total |   8140 |   7842 |    298 |    838 |   5886 |   8 | 1017.5 |
       Dungeon |   8005 |   7731 |    274 |    838 |   5790 |   7 | 1143.6 |
        Temple |    135 |    111 |     24 |      0 |     96 |   1 |  135.0 |
               +--------+--------+--------+--------+--------+-----+--------+

Top non-repeatable levels by time:
     D:4: 1995 daAuts
     D:1: 1667 daAuts
     D:6: 1278 daAuts
     D:5: 1211 daAuts
     D:2: 956 daAuts
     D:3: 731 daAuts
     D:7: 163 daAuts
  Temple: 135 daAuts
